 Dungeon Crawl Stone Soup version 0.30.1-11-g7821555f0a (webtiles) character file.

Game seed: 7190596832476169070

4890 Groucho the Skirmisher (level 10, -4/50 HPs)
             Began as a Spriggan Hunter on Jan 7, 2024.
             Was a Follower of Qazlal.
             Slain by a yak (13 damage)
             ... on level 1 of the Lair of Beasts.
             The game lasted 00:18:03 (16350 turns).

Groucho the Skirmisher (Spriggan Hunter)           Turns: 16350, Time: 00:18:03

Health: -4/50      AC:  3    Str:  7    XL:     10   Next: 26%
Magic:  17/17      EV: 21    Int: 13    God:    Qazlal [*.....]
Gold:   508        SH:  2    Dex: 21    Spells: 9/9 levels left

rFire   . . .        a - +0 shortbow
rCold   . . .        (shield currently unavailable)
rNeg    . . .        c - +0 robe
rPois   .            (helmet restricted)
rElec   .            m - +0 cloak
rCorr   .            (gloves unavailable)
SInv    +            (boots unavailable)
Will    +....        (no amulet)
Stlth   ++           (no ring)
HPRegen 0.28/turn    (no ring)
MPRegen 0.15/turn

%: no passive effects
@: very quick
A: very small, no large weapons, unfitting armour, see invisible, speed 3
a: Renounce Religion


You were on level 1 of the Lair of Beasts.
You worshipped Qazlal.
Qazlal was aware of your devotion.
You visited 3 branches of the dungeon, and saw 11 of its levels.

You collected 508 gold pieces.

Inventory:

Hand Weapons
 a - a +0 shortbow (weapon)
 y - a +1 dagger of flaming
Armour
 c - a +0 robe (worn)
 m - a +0 cloak (worn)
 J - a +0 robe of positive energy
Jewellery
 f - a ring of fire
 u - a +6 ring of strength
 D - an amulet of reflection
Wands
 C - a wand of paralysis (9)
 F - a wand of flame (23)
 I - a wand of light (6)
Scrolls
 b - a scroll of immolation
 e - a scroll of fog {unknown}
 h - 3 scrolls of fear
 i - a scroll of butterflies {unknown}
 j - a scroll of teleportation
 k - 3 scrolls of vulnerability {unknown}
 l - 6 scrolls of identify {unknown}
 n - a scroll of magic mapping {unknown}
 s - 3 scrolls of noise {unknown}
 x - 2 scrolls of poison {unknown}
 E - a scroll of amnesia {unknown}
 H - a scroll of silence {unknown}
 K - a scroll of blinking {unknown}
Potions
 d - 8 potions of curing
 o - a potion of might {unknown}
 p - a potion of resistance {unknown}
 q - a potion of degeneration
 r - a potion of magic {unknown}
 t - 2 potions of ambrosia {unknown}
 v - a potion of haste {unknown}
 w - 2 potions of mutation {unknown}
 z - a potion of berserk rage {unknown}
 A - 5 potions of lignification {unknown}
 B - 2 potions of flight {unknown}
 G - a potion of invisibility {unknown}


   Skills:
 + Level 4.2 Fighting
 + Level 11.1 Ranged Weapons
 + Level 5.6 Dodging
 - Level 2.0 Stealth
 + Level 9.2 Invocations


You had 9 spell levels left.
You didn't know any spells.
Your spell library contained the following spells:

 Spells                   Type           Power      Damage    Failure   Level
 Kiss of Death            Conj/Necr      0%         2d5       30%         1
 Sandblast                Erth           0%         2d4       30%         1
 Sting                    Tmut/Pois      0%         1d3       30%         1
 Passwall                 Tmut/Erth      0%         N/A       43%         2
 Poisonous Vapours        Pois/Air       0%         N/A       43%         2
 Confusing Touch          Hex            0%         N/A       67%         3
 Ignite Poison            Fire/Tmut/Pois 0%         N/A       67%         3
 Stone Arrow              Conj/Erth      0%         3d7       67%         3
 Dispel Undead            Necr           0%         3d6       97%         4
 Olgreb's Toxic Radiance  Pois           0%         N/A       97%         4
 Sticky Flame             Conj/Fire      0%         2d3       97%         4
 Ignition                 Fire           0%         3d3       100%        8


Dungeon Overview and Level Annotations

Branches:
Dungeon (9/15)             Temple (1/1) D:4            Lair (1/5) D:9
    Orc: D:9-12

Altars:
Ashenzari
Cheibriados
Dithmenos
Elyvilon
Fedhas
Gozag
Hepliaklqana
Kikubaaqudgha
Makhleb
Nemelex Xobeh
Okawaru
Qazlal
Ru
Sif Muna
Trog
Uskayaw
Vehumet
Wu Jian
Xom
Yredelemnul
Zin
The Shining One

Shops:
D:2 !

Annotations:
D:2 2 transporters
D:7 2 transporters, kalagan's ghost, novice DECj
D:8 1 exclusion
D:9 Gastronok


Innate Abilities, Weirdness & Mutations

You are very small and have problems with some larger weapons.
You are too small for most types of armour.
You have supernaturally acute eyesight. (SInv)
You cover ground extremely quickly. (Speed+++)


Message History

You shoot an arrow. The arrow barely misses the yak.
You hear the loud creaking of a portcullis nearby.
You block the yak's attack. The yak gores you!
* * * LOW HITPOINT WARNING * * *
Unknown command.
Fire: a) +0 shortbow
Press: ? - help, Q - select action, (/) - cycle Shift-Dir - straight line, f/p - yak
Aim: a yak (77% to hit)
You shoot an arrow. The arrow hits the yak.
The yak is lightly wounded.
The yak gores you.
* * * LOW HITPOINT WARNING * * *
The yak barely misses you.
Unknown command.
You are too injured to fight recklessly!
You are too injured to fight recklessly!
Unknown command.
You feel much better. The yak gores you but does no damage. The yak gores you!
Fire: a) +0 shortbow
Press: ? - help, Q - select action, (/) - cycle Shift-Dir - straight line, f/p - yak
Aim: a yak (lightly wounded, 77% to hit)
You shoot an arrow. The arrow barely misses the yak.
The yak barely misses you. x2
Unknown command.
Unknown command.
Fire: a) +0 shortbow
Press: ? - help, Q - select action, (/) - cycle Shift-Dir - straight line, f/p - yak
Aim: a yak (lightly wounded, 77% to hit)
You shoot an arrow. The arrow hits the yak!
The yak is moderately wounded.
The yak closely misses you. The yak gores you!
* * * LOW HITPOINT WARNING * * *
Unknown command.
Okay, then.
The yak barely misses you. The yak misses you.
You climb downwards.
Welcome back to the Lair of Beasts!
You feel a wave of frost pass over you.
There is an entrance to an ice cave on this level.
Hurry and find it before the portal melts!
The yak gores you!
You die...

...# ... #..## ...# #..#
#..## #YY# #@.## ##Y.##
#....# ###..# .# ## #..##
...#. ##.####..# ###....#
###........## #P......
###.........รท.####.......
###.P......Y...............


You could see 3 yaks.

Vanquished Creatures
  A black mamba (Lair:1)
  Psyche (D:9)
  A komodo dragon (Lair:1)
  Sigmund (D:6)
  2 wyverns
  2 yaks (Lair:1)
  2 water moccasins (D:6)
  2 ice beasts (D:7)
  An orc warrior (D:7)
  2 black bears
  3 ogres
  3 centaurs
  2 kobold brigands (D:6)
  6 bullfrogs
  4 scorpions
  5 wights
  4 electric eels
  2 jellies (D:6)
  A gnoll bouda (D:5)
  6 orc priests
  6 hounds
  Terence (D:2)
  Natasha (thrice) (D:4)
  5 iguanas
  4 orc wizards
  5 gnolls
  3 river rats (D:6)
  5 adders
  2 shadow imps
  An ufetubus (D:6)
  A dart slug (D:4)
  23 orcs
  7 ball pythons
  10 endoplasms
  2 giant cockroaches
  7 goblins
  5 hobgoblins
  4 jackals (D:1)
  15 kobolds
  5 quokkas
  5 bats
  6 frilled lizards
  11 rats
  A butterfly (Lair:1)
188 creatures vanquished.

Notes
Turn   | Place    | Note
-------+----------+-------------------------------------------
     0 | D:1      | Groucho the Spriggan Hunter began the quest for the Orb.
     0 | D:1      | Reached XP level 1. HP: 10/10 MP: 2/2
    25 | D:1      | Found a faded altar of an unknown god.
   145 | D:1      | You fall into a shaft and drop 1 floor!
   179 | D:2      | Reached XP level 2. HP: 15/15 MP: 3/3
   565 | D:1      | Reached XP level 3. HP: 18/18 MP: 4/4
   952 | D:2      | Found a transporter.
   952 | D:2      | Found Jifaf's Distillery.
  1583 | D:2      | Noticed Terence
  1604 | D:2      | Killed Terence
  2449 | D:2      | Reached XP level 4. HP: 23/23 MP: 5/5
  2876 | D:2      | Found a transporter.
  3315 | D:3      | Reached skill level 5 in Ranged Weapons
  3965 | D:3      | Noticed a centaur
  3971 | D:3      | Killed a centaur
  3972 | D:3      | Reached skill level 6 in Ranged Weapons
  3972 | D:3      | Reached XP level 5. HP: 22/28 MP: 6/6
  4353 | D:4      | Found a staircase to the Ecumenical Temple.
  4365 | Temple   | Entered the Ecumenical Temple
  4440 | Temple   | Became a worshipper of Qazlal Stormbringer
  4491 | D:4      | Noticed Natasha
  4495 | D:4      | Killed Natasha
  4923 | D:4      | Reached skill level 1 in Invocations
  4923 | D:4      | Reached XP level 6. HP: 32/32 MP: 7/7
  4937 | D:4      | Noticed Natasha
  4939 | D:4      | Killed Natasha
  5554 | D:4      | Reached skill level 7 in Ranged Weapons
  5554 | D:4      | Reached XP level 7. HP: 27/36 MP: 10/10
  5623 | D:4      | Found a hide-covered altar of Uskayaw.
  5623 | D:4      | Found a broken altar of Ashenzari.
  5912 | D:4      | Noticed Natasha
  5916 | D:4      | Killed Natasha
  6175 | D:5      | Entered Level 5 of the Dungeon
  7927 | D:5      | Reached skill level 8 in Ranged Weapons
  8415 | D:5      | Reached skill level 5 in Invocations
  8415 | D:5      | Reached XP level 8. HP: 29/40 MP: 12/12
  8959 | D:6      | Reached * piety under Qazlal
  9161 | D:6      | Found a shimmering altar of Xom.
  9626 | D:6      | Reached skill level 9 in Ranged Weapons
  9791 | D:6      | Noticed Sigmund
  9798 | D:6      | Killed Sigmund
  9799 | D:6      | Reached XP level 9. HP: 37/44 MP: 15/15
 10153 | D:6      | Reached ** piety under Qazlal
 10848 | D:7      | Reached skill level 10 in Ranged Weapons
 11390 | D:7      | Found a transporter.
 11392 | D:7      | Found a transporter.
 11396 | D:7      | Noticed a troll
 11396 | D:7      | Noticed a moth of wrath
 11447 | D:7      | Found a bloodstained altar of Trog.
 11459 | D:7      | Noticed kalagan's ghost (novice DECj)
 14287 | D:8      | Found a snail-covered altar of Cheibriados.
 14331 | D:8      | Found a shimmering blue altar of Sif Muna.
 14331 | D:8      | Found a bloodstained altar of Trog.
 14346 | D:8      | Found a white marble altar of Elyvilon.
 14349 | D:8      | Found a basalt altar of Yredelemnul.
 15492 | D:8      | Found a blossoming altar of Fedhas.
 15495 | D:8      | Found an ancient bone altar of Kikubaaqudgha.
 15718 | D:9      | Found a staircase to the Lair.
 15747 | D:9      | Noticed Psyche
 15752 | D:9      | Killed Psyche
 15753 | D:9      | Reached XP level 10. HP: 49/49 MP: 17/17
 15761 | D:9      | Noticed Gastronok
 15806 | Lair:1   | Entered Level 1 of the Lair of Beasts
 15810 | Lair:1   | Noticed a black mamba
 15824 | Lair:1   | Killed a black mamba
 15825 | Lair:1   | Reached skill level 11 in Ranged Weapons
 15825 | Lair:1   | Reached skill level 5 in Dodging
 16350 | Lair:1   | Slain by a yak

Illustrated notes

Levels and vault maps discovered:
D:1:      roderic_octagonal_star, layout_basic, ebering_ecumenical_altar_rust,
          minmay_misc_feat_enclosed
D:2:      layout_loops_ring, serial_shops, nicolae_shop_drivethru,
          kennysheep_doodads, uniq_terence
D:3:      layout_loops_ring, lightli_corner_chamber
D:4:      cheibrodos_helix_gallery, layout_basic,
          nicolae_overflow_two_pavilions, minmay_temple_entry_stoned_glass,
          serial_corexii_hall, corexii_hall_statues_i, corexii_hall_statues_x,
          interstate_on_off, uniq_natasha
D:5:      layout_loops_ring
D:6:      layout_basic, mainiacjoe_overflow_cross_hatched, portal_sewer_entry_b,
          enter_ossuary_5, uniq_sigmund
D:7:      layout_gridville, gammafunk_ghost_wrathful_warriors
D:8:      layout_rooms, grunt_temple_overflow_growth_and_decay,
          minmay_overflow_temple_star_hex, serial_bayou_lake_a
D:9:      layout_basic, lair_entry_dummy, enter_bailey_4, minmay_crystal_water,
          uniq_psyche, uniq_gastronok
Temple:   nicolae_temple_hex_pool
Lair:1:   layout_cave_pods, portal_ice_cave_entry_pillars_2,
          gammafunk_ghost_hydra_chop, gauntlet_entry_generic,
          nicolae_quartered_pool_impasse, lemuel_fruit_fields

Skill      XL: |  1  2  3  4  5  6  7  8  9 10 |
---------------+-------------------------------+-----
Dodging        | 3 4 5 |  5.6
Stealth        | 2 |  2.0
Fighting       | 2 3 4 |  4.2
Ranged Weapons | 6 7 8 9 10 11 | 11.1
Invocations    | 1 3 5 7 9 |  9.2

Action                     |  1- 3 |  4- 6 |  7- 9 | 10-12 || total
---------------------------+-------+-------+-------+-------++-------
   Fire: Shortbow          |   108 |   133 |   463 |    79 ||   783
 Invoke: Upheaval          |       |       |     3 |       ||     3
    Use: Potion            |       |     3 |     6 |     1 ||    10
         Scroll            |       |       |     2 |       ||     2
 Armour: Robe              |     8 |     3 |    14 |     1 ||    26
  Dodge: Dodged            |    31 |    57 |   143 |    26 ||   257
  Block: Other             |       |       |    13 |     5 ||    18
